 Dungeon Crawl Stone Soup version 0.21.1-1-g345015f (webtiles) character file.

253 JeffiDaFish the Digger (level 6, -3/32 HPs)
             Began as a Gargoyle Earth Elementalist on Feb 16, 2018.
             Killed from afar by Ijyb (11 damage)
             ... with a wand of acid (6)
             ... on level 4 of the Dungeon.
             The game lasted 00:08:12 (2739 turns).

JeffiDaFish the Digger (GrEE)                       Turns: 2739, Time: 00:08:12

Health: -3/32      AC:  8    Str: 17    XL:     6   Next: 14%
Magic:  6/11       EV: 12    Int: 19    God:
Gold:   106        SH:  0    Dex: 10    Spells: 3/12 levels left

rFire    . . .     SeeInvis .   g - +1 dagger (venom)
rCold    . . .     Gourm    .   (no shield)
rNeg     + . .     Faith    .   c - +0 robe
rPois    ∞         Spirit   .   h - +1 helmet
rElec    +         Reflect  .   (no cloak)
rCorr    .         Harm     .   (no gloves)
MR       .....     Rnd*Rage +   (no boots)
Stlth    ++........             (no amulet)
HPRegen  0.10/turn              (no ring)
MPRegen  0.12/turn              (no ring)

@: mighty
A: hooves 1, berserk 1, blurry vision 1, clever 1, negative energy resistance 1,
electricity resistance, unbreathing, petrification resistance, rot immunity, AC
+4
a: no special abilities


You were on level 4 of the Dungeon.
You were not hungry.

You visited 1 branch of the dungeon, and saw 4 of its levels.

You collected 106 gold pieces.

Inventory:

Hand Weapons
 a - a +1 dagger
 g - a +1 dagger of venom (weapon)
Missiles
 b - 77 stones (quivered)
Armour
 c - a +0 robe (worn)
 h - a +1 helmet (worn)
Scrolls
 i - 2 scrolls of remove curse
 j - a scroll of enchant weapon
 k - 5 scrolls of identify
Books
 e - a book of Geomancy

   Spells                             Type                      Level
   a - Sandblast                      Earth                        1
   b - Passwall                       Transmutation/Earth          2
   c - Stone Arrow                    Conjuration/Earth            3
   d - Petrify                        Transmutation/Earth          4
   e - Lee's Rapid Deconstruction     Earth                        5
Comestibles
 d - 5 rations


   Skills:
 - Level 0.5 Short Blades
 - Level 2.1 Dodging
 - Level 3.1 Stealth
 + Level 3.6 Spellcasting
   Level 0.7 Transmutations
 + Level 6.0 Earth Magic


You had 3 spell levels left.
You knew the following spells:

 Your Spells              Type           Power        Failure   Level  Hunger
a - Sandblast             Erth           ####..       1%          1    None
b - Stone Arrow           Conj/Erth      ##....       12%         3    ###....
c - Lee's Rapid Deconstr  Erth           ####......   32%         5    ######.


Dungeon Overview and Level Annotations

Branches:
Dungeon (4/15)
 Temple: D:4-7

Altars:
Cheibriados
Kikubaaqudgha
Nemelex Xobeh
Ru

Annotations:
D:4 Ijyb


Innate Abilities, Weirdness & Mutations

You are resistant to torment.
Your stone body is resilient. (AC +4)
You are immune to poison.
You resist negative energy. (rN+)
You are resistant to electric shocks. (rElec)
You can survive without breathing.
You are immune to petrification.
You are immune to rotting.
You have large cloven feet.
You tend to lose your temper in combat.
Scrolls take you a little longer to read.
Your mind is acute. (Int +2)


Message History

The orc dies!
The hound closely misses you. The orc completely misses you.
You aren't carrying any potions.
Ijyb screams, "No!
No, no, no, no!"
Ijyb zaps a wand.
The bolt of acid misses you. The hound closely misses you.
The hound bites you but does no damage.
Ijyb zaps a wand.
The bolt of acid misses you. The hound bites you but does no damage.
The orc wizard gestures wildly while chanting.
The orc wizard blinks!
You puncture the hound!
You kill the hound!
You feel your strength returning.
Your Earth Magic skill increases to level 6!
The orc wizard mumbles some strange words.
The orc wizard blinks!
You puncture Ijyb!
Ijyb is poisoned.
You kick Ijyb.
Ijyb is severely wounded.
Ijyb zaps a wand.
The bolt of acid hits you!
You die...

.......#..#
.###.#...##
.##..#..## ..#.##..#
#......######
#...........##
.............##
..............######
.............{og@..#
......!.....o.####..#
.......<......# .#
.......)..)#### #
..........#.
..........#.K
......#...#...
..###########._ ..
..o


You could see Ijyb, an orc wizard (mute) and an orc.

Vanquished Creatures
  A scorpion (D:4)
  A hound (D:4)
  An iguana (D:4)
  An orc wizard (D:4)
  A worker ant (D:4)
  3 adders
  3 oozes
  A worm (D:2)
  2 dart slugs
  A leopard gecko (D:2)
  4 giant cockroaches
  8 goblins
  8 hobgoblins
  8 kobolds
  2 quokkas (D:2)
  7 bats
  6 frilled lizards
  A rat (D:1)
59 creatures vanquished.

Vanquished Creatures (others)
  An orc (D:4)
1 creature vanquished.

Grand Total: 60 creatures vanquished

Notes
Turn   | Place    | Note
-------+----------+-------------------------------------------
     0 | D:1      | JeffiDaFish the Gargoyle Earth Elementalist began the quest for the Orb.
     0 | D:1      | Reached XP level 1. HP: 10/10 MP: 3/3
   106 | D:1      | Reached XP level 2. HP: 13/15 MP: 0/5
   236 | D:1      | Reached skill level 4 in Earth Magic
   261 | D:1      | Gained mutation: You have large cloven feet. [potion of mutation]
   261 | D:1      | Gained mutation: Scrolls take you a little longer to read. [potion of mutation]
   261 | D:1      | Gained mutation: You tend to lose your temper in combat. [potion of mutation]
   261 | D:1      | Gained mutation: Your mind is acute. (Int +2) [potion of mutation]
   541 | D:1      | Reached XP level 3. HP: 19/19 MP: 6/6
   978 | D:2      | Reached XP level 4. HP: 9/24 MP: 0/7
  1170 | D:2      | Found a snail-covered altar of Cheibriados.
  1466 | D:2      | Learned a level 3 spell: Stone Arrow
  1881 | D:3      | Found an ancient bone altar of Kikubaaqudgha.
  2200 | D:3      | Found a sparkling altar of Nemelex Xobeh.
  2508 | D:4      | Reached skill level 5 in Earth Magic
  2508 | D:4      | Reached XP level 5. HP: 28/28 MP: 0/9
  2677 | D:4      | Noticed Ijyb
  2702 | D:4      | Learned a level 5 spell: Lee's Rapid Deconstruction
  2725 | D:4      | Reached XP level 6. HP: 30/32 MP: 6/11
  2729 | D:4      | Found a sacrificial altar of Ru.
  2738 | D:4      | Reached skill level 6 in Earth Magic
  2739 | D:4      | Killed from afar by Ijyb

Skill      XL: |  1  2  3  4  5  6 |
---------------+-------------------+-----
Earth Magic    | 4 5 6 |  6.0
Dodging        | 2 |  2.1
Stealth        | 3 |  3.1
Spellcasting   | 3 |  3.6
Short Blades   | |  0.5
Transmutations | |  0.7

Action                   |  1- 3 |  4- 6 || total
-------------------------+-------+-------++-------
Melee: Dagger            |    55 |    46 ||   101
       Kick              |     4 |     9 ||    13
 Cast: Sandblast         |    21 |    23 ||    44
       Stone Arrow       |       |     6 ||     6
  Use: Scroll            |     6 |     1 ||     7
       Potion            |     6 |     3 ||     9
 Stab: Sleeping          |     3 |     1 ||     4
  Eat: Chunk             |       |     7 ||     7
Armor: Robe              |    20 |    40 ||    60
Dodge: Dodged            |    35 |    39 ||    74
